 Dungeon Crawl Stone Soup version 0.21-a0-509-gecc5317 (webtiles) character file.

60 Laiders the Ruffian (level 3, -1/28 HPs)
             Began as a Draconian Transmuter on Dec 1, 2017.
             Slain by an orc
             ... wielding a +0 short sword
              (3 damage)
             ... on level 2 of the Dungeon.
             The game lasted 00:03:18 (2156 turns).

Laiders the Ruffian (Draconian Transmuter)          Turns: 2156, Time: 00:03:18

Health: -1/28      AC:  5    Str: 12    XL:     3   Next: 82%
Magic:  6/7        EV: 12    Int: 14    God:
Gold:   106        SH:  0    Dex: 11    Spells: 1/7 levels left

rFire    . . .     SeeInvis .     - Unarmed
rCold    . . .     Gourm    .   (no shield)
rNeg     . . .     Faith    .   (armour unavailable)
rPois    .         Spirit   .   (helmet restricted)
rElec    .         Reflect  .   (no cloak)
rCorr    .         Harm     .   (no gloves)
MR       .....                  (no boots)
Stlth    +.........             (no amulet)
HPRegen  0.09/turn              (no ring)
MPRegen  0.10/turn              (no ring)

@: appendage
A: unfitting armour, horns 2, cold-blooded, AC +5
a: End Transformation


You were on level 2 of the Dungeon.
You were hungry.
You had grown temporary horns.
You visited 1 branch of the dungeon, and saw 3 of its levels.

You collected 106 gold pieces.

Inventory:

Missiles
 a - 58 arrows
Wands
 n - a wand of polymorph (12)
Scrolls
 d - a scroll of remove curse {unknown}
 g - a scroll of fog
 i - a scroll of fear {unknown}
 j - a scroll of magic mapping {unknown}
 m - 2 scrolls of teleportation
 r - a scroll of random uselessness {unknown}
Potions
 e - 2 potions of cancellation
 f - a potion of brilliance {unknown}
 l - a potion of curing
 p - a potion of lignification {unknown}
 q - a potion of haste {unknown}
Books
 b - a book of Changes

   Spells                             Type                      Level
   a - Beastly Appendage              Transmutation                1
   b - Sticks to Snakes               Transmutation                2
   c - Spider Form                    Transmutation/Poison         3
   d - Ice Form                       Ice/Transmutation            4
   e - Blade Hands                    Transmutation                5
Comestibles
 c - 3 bread rations
 h - a royal jelly
 o - a meat ration


   Skills:
 - Level 1.1 Fighting
 - Level 1.7 Dodging
 + Level 3.6 Unarmed Combat
 + Level 2.7 Spellcasting
 + Level 2.9 Transmutations


You had one spell level left.
You knew the following spells:

 Your Spells              Type           Power        Failure   Level  Hunger
a - Beastly Appendage     Tmut           ##....       7%          1    #......
b - Sticks to Snakes      Tmut           ##......     10%         2    ###....
c - Spider Form           Tmut/Pois      #.........   36%         3    ###....


Dungeon Overview and Level Annotations

Branches:
Dungeon (3/15)

Altars:
Wu Jian


Innate Abilities, Weirdness & Mutations

Your plain brown scales are hard. (AC +5)
You cannot fit into any form of body armour.
You are cold-blooded and may be slowed by cold attacks.
You have a pair of horns on your head.


Message History

The gnoll is heavily wounded.
The orc hits you but does no damage. The gnoll misses you.
You hit the gnoll but do no damage.
The gnoll is heavily wounded.
The orc hits you but does no damage.
You closely miss the gnoll.
The gnoll is heavily wounded.
The gnoll hits you but does no damage. The orc barely misses you.
You hit the gnoll.
The gnoll is severely wounded.
The gnoll hits you with a club. The orc hits you with a short sword.
You closely miss the gnoll.
The gnoll is severely wounded.
The gnoll hits you with a club!
* * * LOW HITPOINT WARNING * * *
The orc hits you but does no damage.
You feel better. The gnoll hits you with a club!
* * * LOW HITPOINT WARNING * * *
The orc hits you with a short sword.
You die...

#.# #.# #########.###########
#.........).........#
#.######...###..###.# #.#
#..#......# #.# ##.##
#....###.####.## ##...##
#.#.####o# #...#
#.....###.#....#@###.#.###
................g#...#...####
#.....###.####.#...#####....#
##........# #.#.#..^#...##.#
....#.##### #.#.###.#.####.#
##..#.# #.#.###...# #.#
##..#.# #....###..####.#
....#.# #..............#
##>##.# #....####.####.#


You could see a gnoll and an orc.

Vanquished Creatures
  An adder (D:2)
  2 oozes
  A worm (D:2)
  2 dart slugs
  4 leopard geckos
  An orc (D:2)
  A giant cockroach (D:1)
  3 goblins
  3 hobgoblins
  4 kobolds
  2 quokkas (D:2)
  3 bats
  4 rats
31 creatures vanquished.

Notes
Turn   | Place    | Note
-------+----------+-------------------------------------------
     0 | D:1      | Laiders the Draconian Transmuter began the quest for the Orb.
     0 | D:1      | Reached XP level 1. HP: 16/16 MP: 3/3
   309 | D:1      | Reached XP level 2. HP: 23/23 MP: 5/5
   348 | D:1      | Learned a level 2 spell: Sticks to Snakes
  1081 | D:2      | Reached XP level 3. HP: 27/28 MP: 6/6
  1707 | D:2      | Found an ornate altar of the Wu Jian Council.
  2142 | D:2      | Learned a level 3 spell: Spider Form
  2145 | D:3      | Noticed a phantom
  2156 | D:2      | Slain by an orc

Vault maps used:
D:1:      dpeg_arrival_circle_labyrinth_a
D:2:      old_standard_altar, kennysheep_generic_room_6
D:3:      lemuel_crystal_altar, lemuel_doored_altar, first_bread

Action                   || total
-------------------------++-------
Melee: Unarmed           ||   124
       Tailslap          ||     9
       Headbutt          ||     3
 Cast: Beastly Appendage ||     5
  Use: Scroll            ||     4
       Potion            ||     1
  Eat: Chunk             ||     3
Armor: Skin              ||    45
Dodge: Dodged            ||    86

Table legend:
 A = Spawn XP
 B = Non-spawn XP
 C = Spawn XP percentage of total XP
 D = Spawn monster count
 E = Non-spawn monster count
 F = Spawn count percentage of total count
 G = Total turns spent on level
                    A         B        C        D         E        F      G
               +---------+---------+-------+---------+---------+-------+---------
         Total |       0 |      87 |   0.0 |       0 |      31 |   0.0 |  2156
               +---------+---------+-------+---------+---------+-------+---------
           D:1 |       0 |      30 |   0.0 |       0 |      13 |   0.0 |   862
           D:2 |       0 |      57 |   0.0 |       0 |      18 |   0.0 |  1288
               +---------+---------+-------+---------+---------+-------+---------
